 Dungeon Crawl Stone Soup version 0.28.0-53-g5a82cb258f (webtiles) character file.

Game seed: 18344581281228762072

104 issech the Chopper (level 4, -3/41 HPs)
             Began as a Minotaur Monk on May 28, 2022.
             Slain by a gnoll
             ... wielding a +0 whip
              (4 damage)
             ... on level 4 of the Dungeon.
             The game lasted 00:04:40 (1507 turns).

issech the Chopper (Minotaur Monk)                  Turns: 1507, Time: 00:04:41

Health: -3/41      AC:  5    Str: 16    XL:     4   Next: 52%
Magic:  3/3        EV: 12    Int:  7    God:
Gold:   53         SH:  0    Dex: 14    Spells: 3/3 levels left

rFire   . . .      SeeInvis +   f - +0 war axe
rCold   . . .      Faith    .   (no shield)
rNeg    . . .      Spirit   .   n - +0 ring mail
rPois   .          Reflect  .   (helmet restricted)
rElec   .          Harm     .   (no cloak)
rCorr   .          Rampage  .   (no gloves)
Will    .....                   (no boots)
Stlth   +.........              (no amulet)
HPRegen 0.13/turn               k - ring of see invisible
MPRegen 0.08/turn               (no ring)

@: lit by a corona, glowing
A: horns 2, retaliatory headbutt
a: no special abilities


You were on level 4 of the Dungeon.
You visited 1 branch of the dungeon, and saw 3 of its levels.

You collected 53 gold pieces.

Inventory:

Hand Weapons
 f - a +0 war axe (weapon)
Missiles
 b - 4 poisoned darts
 c - 18 arrows
 d - 51 stones (quivered)
 j - 59 bolts
Armour
 e - a +0 helmet
 g - a +0 leather armour
 n - a +0 ring mail (worn)
Jewellery
 k - a ring of see invisible (left hand)
Scrolls
 a - a scroll of fog {unknown}
 h - a scroll of noise {unknown}
 i - a scroll of fear {unknown}


   Skills:
 + Level 4.3 Fighting
 + Level 5.0 Axes
 + Level 1.2 Armour
 + Level 3.8 Dodging
 + Level 2.0 Stealth


You had 3 spell levels left.
You didn't know any spells.
Your spell library contained the following spells:

 Spells                   Type           Power      Damage    Failure   Level
 Pain                     Necr           0%         1d4       65%         1
 Shock                    Conj/Air       0%         1d3       65%         1
 Ignite Poison            Fire/Tmut/Pois 0%         N/A       95%         3
 Mephitic Cloud           Conj/Pois/Air  0%         N/A       95%         3
 Swiftness                Air            0%         N/A       95%         3
 Airstrike                Air            0%         N/A       100%        4
 Agony                    Necr           0%         N/A       100%        5
 Excruciating Wounds      Necr           0%         N/A       100%        5
 Freezing Cloud           Conj/Ice/Air   0%         6-21      100%        5


Dungeon Overview and Level Annotations

Branches:
Dungeon (2/15)

Altars:

Shops:
D:2 *


Innate Abilities, Weirdness & Mutations

You have a pair of horns on your head.
You reflexively headbutt those who attack you in melee.


Message History

The endoplasm freezes you.
You are frozen.
The goblin hits you but does no damage.
Found 15 bolts.
Found a scroll labelled ROCZORYLIK.
The gnoll hits you from afar with a +0 spear!
The goblin barely misses you.
The endoplasm hits you but does no damage.
You slash the goblin!
You kill the goblin!
The gnoll barely misses you.
You slash the endoplasm!
You kill the endoplasm!
The gnoll hits you from afar with a +0 spear. x2
The gnoll shaman hits you with a +0 whip!
The gnoll hits you from afar with a +0 spear.
The gnoll barely misses you. You furiously retaliate!
You headbutt the gnoll.
You see here a +0 dagger.
You hit the gnoll but do no damage.
The gnoll is moderately wounded.
You hit the gnoll. You closely miss the gnoll shaman.
The gnoll shaman barely misses you. You furiously retaliate!
You headbutt the gnoll shaman. The gnoll hits you with a +0 whip.
The gnoll hits you from afar with a +0 spear.
* * * LOW HITPOINT WARNING * * *
A gnoll comes into view. It is wielding a +0 whip.
The gnoll hits you with a +0 spear.
* * * LOW HITPOINT WARNING * * *
The gnoll shouts!
You slash the gnoll!
You kill the gnoll!
You barely miss the gnoll shaman. You hit the gnoll.
The gnoll shaman hits you but does no damage.
The gnoll misses you.
The gnoll hits you from afar with a +0 spear.
* * * LOW HITPOINT WARNING * * *
The gnoll shaman barely misses you.
Your Axes skill increases to level 5!
The gnoll hits you with a +0 whip.
You die...

######### #...##..##
#...#....#
####.......####
##.#.........#.#
#?.#gg.........### ##
#..)@...##.#.....##..
##.g)...###.g........
###.##.#............
#....g..!.......#.
##............##.g
(####....#... .. ..
#............
.......#...#...#
...##(..###..


You could see a gnoll shaman and 3 gnolls.

Vanquished Creatures
  A gnoll (D:4)
  5 adders (D:2)
  2 dart slugs
  4 ball pythons
  5 bats
  6 endoplasms
  3 goblins
  5 hobgoblins
  2 jackals (D:1)
  5 kobolds (D:1)
  2 quokkas (D:1)
  2 frilled lizards (D:1)
  4 rats
46 creatures vanquished.

Vanquished Creatures (others)
  2 demonic plants (D:1)
  A plant (D:1)
  2 withered plants (D:1)
5 creatures vanquished.

Grand Total: 51 creatures vanquished

Notes
Turn   | Place    | Note
-------+----------+-------------------------------------------
     0 | D:1      | issech the Minotaur Monk began the quest for the Orb.
     0 | D:1      | Reached XP level 1. HP: 19/19 MP: 0/0
   218 | D:1      | Reached skill level 4 in Axes
   218 | D:1      | Reached XP level 2. HP: 17/27 MP: 1/1
   662 | D:1      | Found a faded altar of an unknown god.
   812 | D:1      | Reached XP level 3. HP: 26/33 MP: 2/2
  1197 | D:2      | Found Killef's Assorted Antiques.
  1221 | D:2      | Reached XP level 4. HP: 29/40 MP: 3/3
  1227 | D:2      | Reached skill level 1 in Armour
  1481 | D:2      | You fall into a shaft and drop 2 floors!
  1506 | D:4      | HP: 1/41 [gnoll/+0 spear (6)]
  1507 | D:4      | Reached skill level 5 in Axes
  1507 | D:4      | Slain by a gnoll

Illustrated notes

Levels and vault maps discovered:
D:1:      minmay_arrival_up_and_down, layout_loops_ring,
          shapermc_ecumenical_altar_gd
D:2:      layout_loops_ring, serial_shops, nicolae_shop_advertising_works
          [nicolae_subvault_shop_adworks], minmay_tetromino_t4
D:4:      layout_cave_pools, lemuel_temple_firewalk_b

Skill      XL: |  1  2  3  4 |
---------------+-------------+-----
Axes           | 4 5 |  5.0
Fighting       | 4 |  4.3
Stealth        | 2 |  2.0
Armour         | 1 |  1.2
Dodging        | |  3.8

Action                   |  1- 3 |  4- 6 || total
-------------------------+-------+-------++-------
Melee: Hand axe          |    20 |       ||    20
       Headbutt          |    16 |     2 ||    18
       War axe           |    60 |     8 ||    68
       Punch             |     1 |       ||     1
 Stab: Sleeping          |     1 |       ||     1
Armor: Robe              |     8 |       ||     8
       Leather armour    |     6 |       ||     6
       Ring mail         |    10 |     5 ||    15
Dodge: Dodged            |    70 |    16 ||    86
